 Dungeon Crawl Stone Soup version 0.18.1-50-g88ac8fd (webtiles) character file.

378 Naarciss the Magician (level 6, 0/38 HPs)
             Began as a High Elf Wizard on Sept 20, 2016.
             Was an Initiate of Kikubaaqudgha.
             Killed by divine providence
             ... invoked by an orc priest
              (13 damage)
             ... on level 5 of the Dungeon on Sept 22, 2016.
             The game lasted 01:30:22 (6095 turns).

Naarciss the Magician (High Elf Wizard)             Turns: 6095, Time: 01:30:23

Health: 0/38       AC:  9    Str:  6    XL:     6   Next: 45%
Magic:  5/15       EV: 13    Int: 26    God:    Kikubaaqudgha [......]
Gold:   168        SH:  3    Dex: 15    Spells: 6 memorised, 3 levels left

rFire  . . .     SeeInvis .     f - +1 dagger (protect)
rCold  . . .     Gourm    .     g - +0 robe
rNeg   . . .     Faith    .     j - +0 buckler
rPois  .         Spirit   .     w - +0 helmet {Int+3}
rElec  .         Dismiss  .     (no cloak)
rCorr  .         Reflect  .     (no gloves)
SustAt .         Harm     .     y - +0 pair of boots
MR     .....                    A - amulet of magic regeneration
Stlth  ++........               (no ring)
                                (no ring)

@: not resistant to hostile enchantments, unstealthy
A: no striking features
a: Renounce Religion


You were on level 5 of the Dungeon.
You worshipped Kikubaaqudgha.
Kikubaaqudgha was noncommittal.
You were not hungry.

You visited 1 branch of the dungeon, and saw 5 of its levels.

You collected 267 gold pieces.
You spent 99 gold pieces at shops.

Inventory:

Hand Weapons
 f - a +1 dagger of protection (weapon)
 k - a +0 hunting sling of flaming
Missiles
 h - 11 javelins (quivered)
 m - 47 bolts
 n - 88 stones
 u - 5 curare-tipped needles
 x - 16 arrows
Armour
 g - a +0 robe (worn)
 j - a +0 buckler (worn)
 w - a +0 helmet of intelligence (worn)
 y - a +0 pair of boots (worn)
Jewellery
 i - an uncursed amulet of guardian spirit
 A - an amulet of magic regeneration (around neck)
Scrolls
 b - 2 scrolls of magic mapping {unknown}
 e - a scroll of identify
 l - 3 scrolls of random uselessness {unknown}
 p - a scroll of enchant weapon {unknown}
 q - 3 scrolls of enchant armour {unknown}
 s - 2 scrolls of recharging {unknown}
 t - a scroll of immolation {unknown}
Potions
 a - a potion of flight {unknown}
 o - 2 potions of brilliance {unknown}
 v - a potion of cure mutation {unknown}
 E - a potion of heal wounds {unknown}
Books
 c - a book of Minor Magic

   Spells                             Type                      Level
   a - Magic Dart                     Conjuration                  1
   b - Blink                          Translocation                2
   c - Call Imp                       Summoning                    2
   d - Repel Missiles                 Charms/Air                   2
   e - Slow                           Hexes                        2
   f - Conjure Flame                  Conjuration/Fire             3
   g - Mephitic Cloud                 Conjuration/Poison/Air       3
Comestibles
 d - 2 bread rations
 r - a meat ration
 C - a slice of pizza
 D - 2 beef jerkies


   Skills:
 + Level 1.2 Fighting
 + Level 0.8 Short Blades
 + Level 0.8 Throwing
 + Level 4.2 Dodging
 + Level 2.5 Stealth
 + Level 5.6 Spellcasting
 + Level 2.1 Conjurations
 + Level 2.4 Summonings
 + Level 1.1 Translocations


You had 3 spell levels left.
You knew the following spells:

 Your Spells              Type           Power        Failure   Level  Hunger
a - Magic Dart            Conj           ###.         6%          1    None
b - Call Imp              Summ           ###.....     10%         2    None
c - Repel Missiles        Chrm/Air       #.....       21%         2    None
d - Conjure Flame         Conj/Fire      ##......     28%         3    #......
e - Mephitic Cloud        Conj/Pois/Air  ##......     28%         3    #......
f - Blink                 Tloc           N/A          12%         2    None


Dungeon Overview and Level Annotations

Branches:
Dungeon (5/15)
 Temple: D:4-7

Altars:
Kikubaaqudgha
Ru

Shops:
D:4 *%*?


Message History

You hear some strange, mumbled words.
Something tries to affect you, but you resist.
You miss something.
Your crimson imp disappears in a puff of smoke!
The orc priest invokes the aid of Beogh against you.
Beogh smites you!
Your crimson imp blinks!
Something hits you but does no damage.
Your crimson imp closely misses something.
You swap places.
The orc priest closely misses your crimson imp.
Your crimson imp blinks!
Something hits you.
Your crimson imp barely misses something.
There is a stone staircase leading up here.
You swap places.
The orc priest calls down the wrath of Beogh upon you.
Beogh smites you!
You die...
Kikubaaqudgha rasps: "You have failed me!
Welcome... death!"

####### #### #.....#
#########...
##.....###.........#.
#....§o....######....
#....5.##### #..5##
#...@55# #.....#
#.##..## ##...##
#.##..# ##.## #.....#
#.# ####.## #.# #.#
#+ #.# #.#### #.##.##


You could see an orc priest and 3 friendly crimson imps.

Vanquished Creatures
  An orc priest (D:5)
  An orc wizard (D:4)
  A hound skeleton (D:4)
  A gnoll (D:1)
  An adder (D:3)
  2 oozes
  3 worms (D:2)
  A dart slug (D:1)
  3 giant geckos
  4 orcs (D:3)
  7 ball pythons
  5 giant cockroaches
  8 goblins
  5 hobgoblins
  5 jackals
  4 quokkas
  12 bats
  2 giant newts
  7 kobolds
  6 rats
79 creatures vanquished.

Vanquished Creatures (collateral kills)
  A phantom (D:4)
  A scorpion (D:5)
  A howler monkey (D:4)
  An orc priest (D:3)
  An orc wizard (D:3)
  A centaur skeleton (D:4)
  An iguana (D:3)
  A hound skeleton (D:4)
  Robin (D:3)
  3 adders
  A worm (D:3)
  9 orcs
  8 goblins (D:3)
  2 hobgoblins
  A kobold (D:3)
  A quokka (D:3)
  A rat (D:3)
35 creatures vanquished.

Vanquished Creatures (others)
  A bat (D:3)
1 creature vanquished.

Grand Total: 115 creatures vanquished

Notes
Turn   | Place    | Note
--------------------------------------------------------------
     0 | D:1      | Naarciss the High Elf Wizard began the quest for the Orb.
     0 | D:1      | Reached XP level 1. HP: 11/11 MP: 6/6
   171 | D:1      | Reached skill level 4 in Spellcasting
   222 | D:1      | Reached XP level 2. HP: 17/17 MP: 8/8
   731 | D:1      | Reached XP level 3. HP: 22/22 MP: 9/9
  1106 | D:2      | Reached skill level 1 in Fighting
  1554 | D:2      | Reached XP level 4. HP: 28/28 MP: 0/11
  2358 | D:3      | Learned a level 2 spell: Call Imp
  2361 | D:3      | Learned a level 2 spell: Repel Missiles
  2365 | D:3      | Learned a level 3 spell: Conjure Flame
  2369 | D:3      | Learned a level 3 spell: Mephitic Cloud
  2933 | D:3      | Reached skill level 1 in Summonings
  3095 | D:3      | Reached XP level 5. HP: 33/33 MP: 6/12
  3099 | D:3      | Learned a level 2 spell: Blink
  3143 | D:3      | Found a sacrificial altar of Ru.
  3286 | D:3      | Became a worshipper of Ru the Awakened
  3986 | D:4      | Noticed Robin
  4172 | D:3      | Killed Robin
  4607 | D:4      | Found Hamirgh's General Store.
  4610 | D:4      | Found Xoaziof's Magic Scroll Shop.
  4828 | D:4      | Noticed a phantom
  4953 | D:4      | Killed a phantom
  4953 | D:4      | Reached skill level 5 in Spellcasting
  4953 | D:4      | Reached XP level 6. HP: 38/38 MP: 1/14
  5061 | D:4      | Found an ancient bone altar of Kikubaaqudgha.
  5074 | D:4      | Fell from the grace of Ru
  5074 | D:4      | Became a worshipper of Kikubaaqudgha
  5099 | D:4      | Found Keihy's General Store.
  5112 | D:4      | Bought a +0 pair of boots for 45 gold pieces
  5584 | D:4      | Found Hippem's Food Shoppe.
  5601 | D:4      | Bought a slice of pizza for 18 gold pieces
  5601 | D:4      | Bought a beef jerky for 18 gold pieces
  5601 | D:4      | Bought a beef jerky for 18 gold pieces
  5619 | D:5      | Entered Level 5 of the Dungeon
  6095 | D:5      | Killed from afar by an orc priest

Skill      XL: |  1  2  3  4  5 |
---------------+----------------+-----
Spellcasting   | 4 5 |  5.6
Dodging        | 3 4 |  4.2
Fighting       | 1 |  1.2
Conjurations   | 2 |  2.1
Summonings     | 1 2 |  2.4
Short Blades   | |  0.8
Throwing       | |  0.8
Stealth        | |  2.5
Translocations | |  1.1

Action                   |  1- 3 |  4- 6 || total
-------------------------+-------+-------++-------
Melee: Dagger            |   182 |    90 ||   272
       Unarmed           |     2 |       ||     2
Throw: Javelin           |     6 |     1 ||     7
 Cast: Magic Dart        |    46 |    72 ||   118
       Call Imp          |       |    97 ||    97
       Conjure Flame     |       |     2 ||     2
       Blink             |       |     1 ||     1
  Use: Potion            |       |     4 ||     4
       Scroll            |       |     2 ||     2
 Stab: Sleeping          |     3 |       ||     3
  Eat: Chunk             |     2 |     3 ||     5
       Meat ration       |       |     1 ||     1
       Bread ration      |       |     1 ||     1
       Beef jerky        |       |     1 ||     1
Armor: Robe              |    84 |    46 ||   130
Dodge: Dodged            |   159 |   101 ||   260
Block: Buckler           |       |     1 ||     1
